 Dungeon Crawl Stone Soup version 0.28-a0-529-g3bad584f25 (webtiles) character file.

Game seed: 6486938288597001979

12341 runemasterragnar the Carver (level 12, -6/86 HPs)
             Began as a Djinni Gladiator on Sept 25, 2021.
             Was an Initiate of Gozag.
             Mangled by a vampire mosquito (9 damage)
             ... on level 2 of the Lair of Beasts.
             The game lasted 00:38:27 (14184 turns).

runemasterragnar the Carver (Djinni Gladiator)     Turns: 14184, Time: 00:38:28

Health: -6/86      AC:  5    Str: 18 (19) XL:     12   Next: 19%
Gold:   365        EV: 15    Int:  9      God:    Gozag SH:  7 Dex: 25

rFire   + + +      SeeInvis +   l - +6 falchion of Conflict {protect, Fly rElec rF+ rC++}
rCold   + . .      Faith    .   q - +0 buckler
rNeg    . . .      Spirit   .   b - +0 leather armour
rPois   ∞          Reflect  .   j - +2 hat
rElec   +          Harm     .   o - +0 cloak
rCorr   +          Rampage  .   r - +0 pair of gloves of Hopscotch {rPois rCorr Str+4}
Will    +....                   (boots unavailable)
Stlth   ++........              (no amulet)
HPRegen 0.24/turn               s - ring of see invisible
MPRegen 0.00/turn               y - +6 ring of dexterity

@: flying
A: sickness immunity, fire resistance 2, cold vulnerability 1, float, innate
caster, hp casting, extra vitality 1, deformed body
a: Renounce Religion, Potion Petition, Call Merchant, Bribe Branch


You were on level 2 of the Lair of Beasts.
You worshipped Gozag.
Gozag was aware of your devotion.
You visited 2 branches of the dungeon, and saw 12 of its levels.
You also visited: Gauntlet.

You collected 2190 gold pieces.
You spent 985 gold pieces at shops.
You paid 840 gold pieces to Gozag.

Inventory:

Hand Weapons
 h - a +0 hunting sling of flaming
 l - the +6 falchion of Conflict (weapon) {protect, Fly rElec rF+ rC++}
   (You bought it in a shop on level 4 of the Dungeon)

   It grants its wielder temporary protection when it strikes (+7 to AC).
   rF:        It protects you from fire.
   rC:        It greatly protects you from cold.
   rElec:     It insulates you from electricity.
   Fly:       It grants you flight.
 u - a +1 hand crossbow of freezing
 w - a +0 scimitar of flaming
 K - the +7 short sword of the Foremost Yaks {drain, rPois rC- rN+}
   (You found it in a Gauntlet)

   A truly terrible weapon, it drains the life of any living foe it strikes.
   rC:        It makes you vulnerable to cold.
   rPois:     It protects you from poison.
   rN:        It protects you from negative energy.
Missiles
 i - 380 stones (quivered)
 m - 35 poisoned darts
 F - 32 bolts
 M - 5 javelins
Armour
 b - a +0 leather armour (worn)
 j - a +2 hat (worn)
 o - a +0 cloak (worn)
 q - a +0 buckler (worn)
 r - the +0 pair of gloves of Hopscotch (worn) {rPois rCorr Str+4}
   (You found it on level 8 of the Dungeon)

   Str:       It affects your strength (+4).
   rPois:     It protects you from poison.
   rCorr:     It protects you from acid and corrosion.
 z - the +0 hat of Resourcefulness {rPois rF- rC+ rN+}
   (You found it in a Gauntlet)

   rF:        It makes you vulnerable to fire.
   rC:        It protects you from cold.
   rPois:     It protects you from poison.
   rN:        It protects you from negative energy.
 B - a +0 hat of stealth
Magical Staves
 D - a staff of death
Jewellery
 s - a ring of see invisible (left hand)
 t - a +4 ring of evasion
 y - a +6 ring of dexterity (right hand)
 G - a ring of poison resistance
Wands
 c - a wand of digging (9)
 k - a wand of mindburst (1)
 x - a wand of flame (32)
 J - a wand of polymorph (4)
Scrolls
 e - 2 scrolls of brand weapon
 f - 2 scrolls of vulnerability
 n - a scroll of silence
 A - 2 scrolls of teleportation
 C - 3 scrolls of noise
 E - 2 scrolls of amnesia
 H - a scroll of holy word {unknown}
 I - a scroll of immolation {unknown}
 O - a scroll of fear
Potions
 a - 3 potions of degeneration
 p - a potion of brilliance
 v - 2 potions of might
 N - a potion of ambrosia
Miscellaneous
 L - a condenser vane (inert)


   Skills:
 + Level 7.7 Fighting
 * Level 9.6 Long Blades
 * Level 7.9 Crossbows
 - Level 1.5 Throwing
 - Level 4.7 Dodging
 + Level 7.0 Shields
 + Level 6.6 Evocations


You couldn't memorise any spells.
You knew the following spells:

 Your Spells              Type           Power      Damage    Failure   Level
a - Animate Skeleton      Necr           0%         N/A       43%         1
b - Ensorcelled Hibernat  Hex/Ice        0%         N/A       58%         2
c - Call Imp              Summ           0%         N/A       58%         2
d - Inner Flame           Hex/Fire       0%         N/A       82%         3
e - Dispel Undead         Necr           0%         3d6       99%         4
Your spell library was empty.

Dungeon Overview and Level Annotations

Branches:
Dungeon (10/15)            Temple (0/1) D:4            Lair (2/6) D:9
    Orc (0/2) D:9         Gauntlet (visited)
  Swamp: Lair:2-4    Shoals: Lair:2-4     Snake: Lair:2-4    Spider: Lair:2-4

Altars:
Cheibriados
Gozag
Kikubaaqudgha
Makhleb
Qazlal
Trog
Xom

Shops:
D:4 ((   D:5 (

Annotations:
D:7 2 transporters, snackwell's ghost, amateur SpEE


Innate Abilities, Weirdness & Mutations

You are immune to sickness and miasma.
You are immune to poison.
Your flesh is very heat resistant. (rF++)
You are vulnerable to cold. (rC-)
You float through the air rather than walking.
You learn spells naturally, not from books.
Your magical power is your life essence.
You have superior vitality. (+4 HP)
Armour fits poorly on your strangely shaped body.


Message History

The vampire mosquito bites you!
* * * LOW HITPOINT WARNING * * *
Unknown command.
Unknown command.
Okay, then.
You can't see any enemies this would affect, really read the scroll of fear?
Okay, then.
Blink to where?
Press: ? - help, Dir - move target, p - vampire mosquito
As you read the scroll of blinking, it crumbles to dust.
Aiming: Mindburst
Press: ? - help, Shift-Dir - straight line, f - vampire mosquito
Aim: a vampire mosquito (chance to affect: 86%)
The vampire mosquito's mind is blasted!
Unknown command.
Okay, then.
Throw: 2 throwing nets
Press: ? - help, Q - select action, (/) - cycle Shift-Dir - straight line, f - vampire mosquito, p - vampire mosquito
Aim: a vampire mosquito (moderately damaged, 52% to hit)
You throw a throwing net.
The throwing net hits the vampire mosquito.
The vampire mosquito is caught in the net!
The vampire mosquito is moderately damaged.
The vampire mosquito struggles against the net. x2
Unknown command.
Throw: throwing net
Press: ? - help, Q - select action, (/) - cycle Shift-Dir - straight line, p - vampire mosquito You throw a throwing net.
The throwing net barely misses the vampire mosquito.
The vampire mosquito bites you.
* * * LOW HITPOINT WARNING * * *
The vampire mosquito struggles against the net.
The net rips apart, and the vampire mosquito comes free!
The vampire mosquito closely misses you.
Unknown command.
The vampire mosquito bites you!
* * * LOW HITPOINT WARNING * * *
The vampire mosquito bites you!
You die...
Your body crumbles into a pile of gold.

#.. #P....# #...## ##...##
#..P#P####...## #.>.....#....##
##.............## ###
.....#....#.>...# ###.#
#....P....#....###..##
#...............##...#.....#
#....P)........@##..##..(^.#
##...........#..yy..###.....#
#.............#..y.## #...#.#
##....P.......#.....###.....### .
#....P.......#####...##.....#.##.
##...........###......#.#........
#....................#.....#....
#...............#.#$..........(.
#P#............#.#.###...#....##


You could see 3 vampire mosquitoes.

Vanquished Creatures
  A minotaur (Gauntlet)
  A hydra (Lair:1)
  Erica (Lair:1)
  An orange crystal statue (Gauntlet)
  A black mamba (Lair:1)
  A cane toad (Lair:2)
  A komodo dragon (Lair:1)
  A rime drake (Lair:1)
  A hornet (D:9)
  2 shadows (D:9)
  A wyvern (D:9)
  4 centaur simulacra (Gauntlet)
  15 yaks
  A steam dragon (D:9)
  3 vampire mosquitoes (Lair:2)
  A two-headed ogre zombie (D:9)
  2 wargs (Lair:1)
  5 water moccasins
  Duvessa (D:6)
  2 ice beasts
  A sky beast (D:6)
  An ice dragon simulacrum (Gauntlet)
  2 black bears
  5 wolves (Lair:1)
  An ogre (D:5)
  A centaur (D:9)
  A phantom (D:4)
  4 bullfrogs
  Dowan (D:6)
  A water moccasin zombie (D:5)
  A wyvern zombie (D:7)
  A wyvern skeleton (D:7)
  2 troll zombies (D:9)
  3 wights (D:8)
  5 howler monkeys
  3 centaur zombies
  6 hounds
  2 jellies
  3 gnoll shamans
  8 orc priests
  A bullfrog skeleton (D:6)
  3 iguanas
  7 orc wizards
  A killer bee zombie (D:7)
  5 ogre zombies (D:9)
  15 gnolls
  3 adders
  A shadow imp (D:7)
  A white imp (D:6)
  An adder skeleton (D:4)
  24 orcs
  5 endoplasms
  5 giant cockroaches
  9 goblins
  5 hobgoblins
  2 jackals (D:3)
  3 quokkas
  9 ball pythons
  A bat (D:3)
  3 frilled lizards
  3 goblin skeletons (D:9)
  A goblin zombie (D:9)
  2 hobgoblin skeletons (D:9)
  7 kobolds
  An orc skeleton (D:9)
  18 orc zombies (D:9)
  4 rats
238 creatures vanquished.

Vanquished Creatures (collateral kills)
  A two-headed ogre (D:9)
  A centaur zombie (D:8)
  An orc wizard (D:8)
3 creatures vanquished.

Vanquished Creatures (others)
  An orc wizard (D:9)
  8 fungi
  22 plants
31 creatures vanquished.

Grand Total: 272 creatures vanquished

Notes
Turn   | Place    | Note
-------+----------+-------------------------------------------
     0 | D:1      | runemasterragnar the Djinni Gladiator began the quest for
                  | the Orb.
     0 | D:1      | Reached XP level 1. HP: 18/18 MP: 0/0
    99 | D:1      | Found a faded altar of an unknown god.
   106 | D:1      | Became a worshipper of Gozag Ym Sagoz the Greedy
   135 | D:1      | Reached XP level 2. HP: 20/23 MP: 0/0
   276 | D:1      | Reached skill level 3 in Long Blades
   647 | D:1      | Reached XP level 3. HP: 16/29 MP: 0/0
   647 | D:1      | Learned a level 1 spell: Animate Skeleton
  1540 | D:2      | You are sucked into a shaft and drop 1 floor!
  1837 | D:2      | Found a stormy altar of Qazlal.
  1887 | D:1      | Reached XP level 4. HP: 21/34 MP: 0/0
  3786 | D:4      | Noticed a phantom
  3810 | D:4      | Found Xaydiam's Weapon Shoppe.
  3813 | D:4      | Found a staircase to the Ecumenical Temple.
  3830 | D:3      | Reached XP level 5. HP: 25/40 MP: 0/0
  3830 | D:3      | Learned a level 2 spell: Ensorcelled Hibernation
  4043 | D:4      | Killed a phantom
  4044 | D:4      | Reached skill level 1 in Shields
  4537 | D:4      | Reached XP level 6. HP: 43/46 MP: 0/0
  4772 | D:4      | Found Wicehugg's Antique Weapon Boutique.
  4848 | D:5      | Entered Level 5 of the Dungeon
  4920 | D:5      | Found Junk's Antique Weapon Emporium.
  4926 | D:5      | Bought a glowing hand crossbow for 169 gold pieces
  5092 | D:5      | Noticed an ice beast
  5124 | D:5      | Reached skill level 4 in Long Blades
  5160 | D:5      | Found a shimmering altar of Xom.
  5160 | D:5      | Found a snail-covered altar of Cheibriados.
  5178 | D:5      | Killed an ice beast
  5179 | D:5      | Reached skill level 1 in Crossbows
  5179 | D:5      | Reached XP level 7. HP: 51/51 MP: 0/0
  5179 | D:5      | Learned a level 2 spell: Call Imp
  5205 | D:5      | Reached skill level 1 in Evocations
  6515 | D:6      | Noticed Duvessa
  6518 | D:6      | Killed Duvessa
  6518 | D:6      | Noticed Dowan
  6519 | D:6      | Reached XP level 8. HP: 58/58 MP: 0/0
  6522 | D:6      | Killed Dowan
  6523 | D:6      | Reached skill level 5 in Long Blades
  7437 | D:7      | Noticed a two-headed ogre
  7516 | D:7      | Noticed a moth of wrath
  7517 | D:7      | Noticed snackwell's ghost (amateur SpEE)
  7525 | D:7      | Reached XP level 9. HP: 64/64 MP: 0/0
  7525 | D:7      | Learned a level 3 spell: Inner Flame
  7532 | D:7      | Reached skill level 5 in Fighting
  7596 | D:7      | Found a burning altar of Makhleb.
  7652 | D:7      | Reached skill level 6 in Long Blades
  7866 | D:7      | Found a transporter.
  7886 | D:7      | Found a transporter.
  7934 | D:7      | Found an opulent altar of Gozag.
  7991 | D:7      | Found a bloodstained altar of Trog.
  8311 | D:9      | Noticed a two-headed ogre
  8938 | D:9      | Found a staircase to the Orcish Mines.
  9034 | D:8      | Reached skill level 5 in Crossbows
  9034 | D:8      | Reached XP level 10. HP: 45/72 MP: 0/0
  9051 | D:8      | Identified the +0 pair of gloves of Hopscotch {rPois rCorr
                  | Str+4}
  9066 | D:8      | Reached skill level 7 in Long Blades
  9092 | D:8      | Reached skill level 5 in Shields
  9296 | D:4      | Bought the +6 falchion of Conflict {protect, Fly rElec rF+
                  | rC++} for 816 gold pieces
  9567 | D:9      | Reached skill level 5 in Evocations
 10195 | D:8      | Reached skill level 8 in Long Blades
 10696 | D:9      | Killed a two-headed ogre
 10697 | D:9      | Reached XP level 11. HP: 15/78 MP: 0/0
 10697 | D:9      | Learned a level 4 spell: Dispel Undead
 11275 | D:9      | Found a staircase to the Lair.
 11468 | D:10     | Entered Level 10 of the Dungeon
 11484 | D:10     | Noticed a two-headed ogre
 11517 | Lair:1   | Entered Level 1 of the Lair of Beasts
 11784 | Lair:1   | Noticed Erica
 11797 | Lair:1   | Killed Erica
 11914 | Lair:1   | Noticed a seven-headed hydra
 12014 | Lair:1   | Found a gate leading to a gauntlet.
 12024 | Gauntlet | Entered a Gauntlet
 12024 | Gauntlet | Found a transporter.
 12033 | Gauntlet | Found a transporter.
 12035 | Gauntlet | Found a runed translucent gate.
 12036 | Gauntlet | Found a runed translucent gate.
 12037 | Gauntlet | Found a transporter.
 12038 | Gauntlet | Found a transporter.
 12038 | Gauntlet | Noticed a five-headed hydra
 12041 | Gauntlet | Found a transporter.
 12042 | Gauntlet | Found a transporter.
 12043 | Gauntlet | Found a large runed translucent door.
 12044 | Gauntlet | Found a runed translucent gate.
 12044 | Gauntlet | Found a large runed translucent door.
 12045 | Gauntlet | Found a large runed translucent door.
 12045 | Gauntlet | Found a large runed translucent door.
 12045 | Gauntlet | Found a runed translucent door.
 12046 | Gauntlet | Found a runed translucent door.
 12046 | Gauntlet | Found a large runed translucent door.
 12047 | Gauntlet | Found a runed translucent door.
 12047 | Gauntlet | Found a large runed translucent door.
 12048 | Gauntlet | Noticed a hell beast
 12051 | Gauntlet | Found a runed translucent door.
 12052 | Gauntlet | Found a large runed translucent door.
 12052 | Gauntlet | Found a large runed translucent door.
 12062 | Gauntlet | Noticed an orange crystal statue
 12081 | Gauntlet | Found a large runed translucent door.
 12081 | Gauntlet | Found a large runed translucent door.
 12082 | Gauntlet | Found a large runed translucent door.
 12083 | Gauntlet | Found a large runed translucent door.
 12084 | Gauntlet | Found a large runed translucent door.
 12084 | Gauntlet | Found a large runed translucent door.
 12085 | Gauntlet | Found a runed translucent gate.
 12085 | Gauntlet | Found a runed translucent gate.
 12085 | Gauntlet | Found a runed translucent gate.
 12087 | Gauntlet | Found a transporter.
 12098 | Gauntlet | Found a large runed translucent door.
 12099 | Gauntlet | Found a large runed translucent door.
 12108 | Gauntlet | Found a transporter.
 12118 | Gauntlet | Noticed a death yak
 12119 | Gauntlet | Noticed a death yak
 12120 | Gauntlet | Noticed a death yak
 12120 | Gauntlet | Noticed a death yak
 12121 | Gauntlet | Found a transporter.
 12121 | Gauntlet | Noticed a death yak
 12126 | Gauntlet | Noticed a necromancer
 12140 | Gauntlet | Found a transporter.
 12142 | Gauntlet | Found a transporter.
 12144 | Gauntlet | Found a runed translucent door.
 12145 | Gauntlet | Noticed a moth of wrath
 12146 | Gauntlet | Found a runed translucent door.
 12150 | Gauntlet | Found a transporter.
 12277 | Gauntlet | Noticed a shining eye
 12278 | Gauntlet | Noticed a worldbinder
 12279 | Gauntlet | Identified the +0 hat of Resourcefulness {rPois rF- rC+
                  | rN+}
 12287 | Gauntlet | Noticed an orb spider
 12301 | Gauntlet | Gained mutation: Armour fits poorly on your strangely
                  | shaped body. [a shining eye]
 12307 | Gauntlet | Noticed a wizard
 12322 | Gauntlet | Noticed a sixfirhy
 12337 | Gauntlet | Killed an orange crystal statue
 12338 | Gauntlet | Reached skill level 9 in Long Blades
 12898 | Gauntlet | Noticed a minotaur
 12909 | Gauntlet | Killed a minotaur
 12916 | Gauntlet | Identified the +7 short sword of the Foremost Yaks {drain,
                  | rPois rC- rN+}
 13268 | Lair:1   | Killed a seven-headed hydra
 13337 | Lair:1   | Reached XP level 12. HP: 78/85 MP: 0/0
 14184 | Lair:2   | HP: 3/86 [vampire mosquito (11)]
 14184 | Lair:2   | Mangled by a vampire mosquito

Illustrated notes

Levels and vault maps discovered:
D:1:      psy_arrival_basics, layout_basic,
          hellmonk_ecumenical_altar_crossroads, minmay_misc_feat_rows
D:2:      layout_basic, basic_altar
D:3:      layout_loops_cross
D:4:      layout_loops_cross, temple_fountains, serial_forest,
          infiniplex_forest_lined_room_2, infiniplex_forest_clump_long,
          infiniplex_forest_straight_4, infiniplex_forest_lined_ring,
          serial_shops, shop, nicolae_stop_n_shop_2, st_stairs_7,
          chequers_serial_rivers_micro_a
D:5:      cheibrodos_helix_gallery, layout_loops_corners,
          gammafunk_temple_overflow_wave,
          mainiacjoe_overflow_concentric_impassable, serial_shops, shop
D:6:      layout_cave_pools, uniq_duvessa
D:7:      layout_cave_pools, grunt_temple_overflow_open,
          gammafunk_ghost_wrathful_warriors
D:8:      layout_basic
D:9:      layout_rooms, dpeg_oklobed_lair, zombieorc2_lemuel
D:10:     layout_basic, amethyst_overflow_temple_binary
Lair:1:   beast_lair_carwin_large_3, layout_chaotic_city,
          gauntlet_entry_generic, serial_bayou_shore_b, uniq_erica
Lair:2:   layout_concentric_octagons, minmay_swamp_entry_swarm,
          columned_hall_lemuel, grunt_forest_large_clearing_hut,
          lemuel_fruit_tree

Skill      XL: |  1  2  3  4  5  6  7  8  9 10 11 12 |
---------------+-------------------------------------+-----
Long Blades    | 3 4 5 6 8 9 |  9.6
Dodging        | 4 |  4.7
Fighting       | 3 4 5 6 7 |  7.7
Shields        | 1 2 3 4 5 6 7 |  7.0
Crossbows      | 1 2 3 5 6 7 |  7.9
Evocations     | 1 2 4 5 6 |  6.6
Throwing       | |  1.5

Action                   |  1- 3 |  4- 6 |  7- 9 | 10-12 || total
-------------------------+-------+-------+-------+-------++-------
Melee: Long sword        |    94 |   103 |   140 |       ||   337
       Falchion          |       |       |   178 |   424 ||   602
 Fire: Hunting sling     |    25 |     8 |    41 |    14 ||    88
       Hand crossbow     |       |       |    24 |    17 ||    41
Throw: Throwing net      |     2 |       |     2 |     4 ||     8
       Javelin           |       |       |       |     1 ||     1
 Cast: Call Imp          |       |       |     4 |     1 ||     5
Invok: Potion Petition   |       |       |     1 |     2 ||     3
Evoke: Wand              |       |     3 |    23 |    14 ||    40
       Condenser vane    |       |       |       |     1 ||     1
  Use: Potion            |     1 |       |     9 |     7 ||    17
       Scroll            |       |       |     8 |     8 ||    16
 Stab: Distracted        |     1 |     2 |     2 |     5 ||    10
       Held in net/web   |     1 |       |     1 |     1 ||     3
       Invisible         |       |       |     3 |       ||     3
       Paralysed         |       |       |       |     1 ||     1
       Sleeping          |       |       |       |     2 ||     2
Armor: Leather armour    |    30 |    24 |   115 |   123 ||   292
Dodge: Dodged            |    67 |    62 |   244 |   269 ||   642
Block: Buckler           |       |    17 |   106 |   123 ||   246

Table legend: (Time is in decaauts)
 A = Elapsed time spent in this place.
 B = Non-inter-level travel time spent in this place.
 C = Inter-level travel time spent in this place.
 D = Time resting spent in this place.
 E = Time spent auto-exploring this place.
 F = Levels seen in this place.
 G = Mean time per level.
                   A        B        C        D        E       F      G
               +--------+--------+--------+--------+--------+-----+--------+
         Total |  14187 |  13407 |    780 |   2139 |   8070 |  13 | 1091.3 |
       Dungeon |  11569 |  10806 |    763 |   1427 |   7140 |  10 | 1156.9 |
          Lair |   1409 |   1393 |     16 |      0 |    874 |   2 |  704.5 |
      Gauntlet |   1207 |   1207 |      0 |    712 |     56 |   1 | 1207.0 |
               +--------+--------+--------+--------+--------+-----+--------+

Top non-repeatable levels by time:
     D:9: 1861 daAuts
     D:1: 1720 daAuts
     D:5: 1473 daAuts
     D:2: 1233 daAuts
Gauntlet: 1207 daAuts
     D:3: 1154 daAuts
     D:6: 1129 daAuts
  Lair:1: 1128 daAuts
     D:8: 1096 daAuts
     D:4: 1007 daAuts
     D:7: 864 daAuts
  Lair:2: 281 daAuts
    D:10: 29 daAuts
